 Dungeon Crawl Stone Soup version 0.30-a0-715-gdb4ae3ece1 (webtiles) character file.

Game seed: 5555272451806382383

373446 freelancePsychic the Wrestler (level 23, -11/180 HPs)
             Began as a Djinni Berserker on Jan 24, 2023.
             Was the Champion of Trog.
             Killed from afar by an ironbound thunderhulk (68 damage)
             ... with a bolt of lightning
             ... on level 4 of the Vaults.
             The game lasted 01:31:21 (41028 turns).

freelancePsychic the Wrestler (Djinni Berserker)   Turns: 41028, Time: 01:31:22

Health: -11/180    AC: 38    Str: 29    XL:     23   Next: 78%
Gold:   3128       EV: 11    Int: 12    God:    Trog [******] SH: 17 Dex: 19

rFire   + + +      SeeInvis .      - Unarmed
rCold   + . .      Faith    .    h - +2 kite shield {rN+}
rNeg    + . .      Spirit   .    M - +7 gold dragon scales
rPois   ∞          Reflect  .    G - +2 helmet
rElec   .          Harm     .    v - +2 cloak
rCorr   +          Rampage  .    e - +0 pair of gloves
Will    +++..                    (boots unavailable) Stlth
                                 a - amulet of Vitality {RegenMP++ Regen++}
HPRegen 2.10/turn                S - ring of protection from cold
MPRegen 0.00/turn                Y - ring "Rerioffi" {Contam Will+ rCorr Str+9 Dex+2}

@: flying
A: sickness immunity, fire resistance 2, cold vulnerability 1, float, innate
caster, HP casting, extra vitality 1, mutation resistance 1
}: 2/15 runes: barnacled, gossamer
a: Renounce Religion, Berserk, Trog's Hand, Brothers in Arms


You were on level 4 of the Vaults.
You worshipped Trog.
Trog was exalted by your worship.
You visited 7 branches of the dungeon, and saw 37 of its levels.
You also visited: Gauntlet and Wizlab.

You collected 4967 gold pieces.
You spent 1839 gold pieces at shops.

Inventory:

Missiles
 t - 3 silver boomerangs
 J - 9 silver javelins
 U - 3 curare-tipped darts (quivered)
 Z - 5 throwing nets
Armour
 e - a +0 pair of gloves (worn)
 h - a +2 kite shield of positive energy (worn)
 v - a +2 cloak (worn)
 B - a +1 helmet of see invisible
 G - a +2 helmet (worn)
 M - +7 gold dragon scales (worn)
Jewellery
 a - the amulet of Vitality (around neck) {RegenMP++ Regen++}
   (You found it on level 4 of the Shoals)

   [amulet of magic regeneration]

   It increases your rate of magic regeneration.
   Regen:     It increases your rate of health regeneration.
 l - the ring "Lorawnu" {rElec rPois Str+2 Int+6 Dex-3}
   (You found it in a wizard's laboratory)

   [ring of poison resistance]

   Str:       It affects your strength (+2).
   Int:       It affects your intelligence (+6).
   Dex:       It affects your dexterity (-3).
   rElec:     It insulates you from electricity.
   rPois:     It protects you from poison.
 L - the amulet "Kuxedop" {rF+ rC+ Regen+}
   (You acquired it on level 2 of the Vaults)

   [amulet of regeneration]

   rF:        It protects you from fire.
   rC:        It protects you from cold.
   Regen:     It increases your rate of health regeneration.
 S - a ring of protection from cold (left hand)
 Y - the ring "Rerioffi" (right hand) {Contam Will+ rCorr Str+9 Dex+2}
   (You found it in a Gauntlet)

   [ring of resist corrosion]

   Str:       It affects your strength (+9).
   Dex:       It affects your dexterity (+2).
   Contam:    It causes magical contamination when unequipped.
   rCorr:     It protects you from acid and corrosion.
   Will:      It increases your willpower.
Wands
 m - a wand of paralysis (23)
 u - a wand of polymorph (3)
 x - a wand of digging (11)
 y - a wand of light (5)
 H - a wand of flame (61)
 P - a wand of mindburst (6)
 T - a wand of iceblast (2)
Scrolls
 d - 9 scrolls of teleportation {@r4}
 j - a scroll of torment
 k - 4 scrolls of blinking
 n - 3 scrolls of enchant weapon
 s - 5 scrolls of magic mapping
 A - 5 scrolls of fog
 D - 3 scrolls of immolation
 K - 3 scrolls of vulnerability
 O - 13 scrolls of identify {@r1}
 R - 2 scrolls of fear
 V - 2 scrolls of poison
 W - 2 scrolls of butterflies
Potions
 b - 3 potions of flight
 c - 11 potions of curing {@q1}
 g - 3 potions of heal wounds {@q2}
 i - 5 potions of cancellation
 p - 15 potions of ambrosia
 q - 4 potions of berserk rage
 r - 2 potions of resistance
 w - 5 potions of haste {@q3}
 z - 7 potions of attraction
 C - 8 potions of mutation
 E - 11 potions of might
 N - 2 potions of invisibility
Miscellaneous
 o - a box of beasts
 F - a tin of tremorstones (inert)
 I - a phantom mirror (inert)
 Q - a phial of floods (inert)


   Skills:
 - Level 20.0 Fighting
 + Level 18.1 Armour
 - Level 10.1 Dodging
 - Level 5.0 Stealth
 - Level 16.9 Shields
 + Level 21.7 Unarmed Combat
 - Level 16.6 Evocations


You couldn't memorise any spells.
You knew the following spells:

 Your Spells              Type           Power      Damage    Failure   Level
a - Beastly Appendage     Tmut           0%         N/A       100%        1
b - Momentum Strike       Conj/Tloc      0%         3d8       100%        2
c - Ozocubu's Armour      Ice            0%         N/A       100%        3
d - Stone Arrow           Conj/Erth      0%         3d7       100%        3
e - Summon Ice Beast      Ice/Summ       0%         N/A       100%        4
f - Irradiate             Conj/Tmut      0%         3d11      100%        5
g - Simulacrum            Ice/Necr       0%         N/A       100%        6
h - Death Channel         Necr           0%         N/A       100%        6
i - Malign Gateway        Summ/Tloc      0%         N/A       100%        7
j - Monstrous Menagerie   Summ           0%         N/A       100%        7
k - Summon Hydra          Summ           0%         N/A       100%        7
Your spell library was empty.


Dungeon Overview and Level Annotations

Branches:
Dungeon (15/15)            Temple (0/1) D:5            Lair (5/5) D:8
 Shoals (4/4) Lair:3       Spider (4/4) Lair:2        Slime (0/5) Lair:5
    Orc (2/2) D:12            Elf (3/3) Orc:2        Vaults (4/5) D:14
  Crypt (0/3) Vaults:2     Depths (0/4) D:15         WizLab (visited)
Gauntlet (visited)

Altars:
Cheibriados
Hepliaklqana
Nemelex Xobeh
Ru
Uskayaw
Wu Jian
Xom
Yredelemnul
Zin
The Shining One
Jiyva
Lugonu

Shops:
D:6 (   Orc:2 =[???   Elf:2 ::=   Vaults:1 (:!

Portals:
Abyss: Lair:5

Annotations:
Shoals:3 3 runed translucent doors, Roluilex's ghost, adept DgIE
Elf:2 3 runed translucent doors


Innate Abilities, Weirdness & Mutations

You are immune to sickness and miasma.
You are immune to poison.
Your flesh is very heat resistant. (rF++)
You are vulnerable to cold. (rC-)
You float through the air rather than walking.
You learn spells naturally, not from books.
Your magical power is your life essence.
You have superior vitality. (+4 MHP)
You are somewhat resistant to further mutation.


Message History

Strange energies crackle from the ironbound thunderhulk's apparatus.
The ironbound thunderhulk blinks!
Electricity crackles from the ironbound thunderhulk's apparatus.
The bolt of lightning hits you!!!
You are too injured to fight recklessly!
You are too injured to fight recklessly!
You are too injured to fight recklessly!
You are too injured to fight recklessly!
Strange energies crackle from the ironbound thunderhulk's apparatus.
The ironbound thunderhulk blinks!
Aiming: Mindburst
Press: ? - help, Shift-Dir - straight line, f - ironbound thunderhulk
Aim: an ironbound thunderhulk, wielding a +0 dire flail and wearing a +0 animal skin (chance to affect: 88%)
The ironbound thunderhulk barely resists.
An ironbound thunderhulk is nearby!
Okay, then.
Unknown command.
Aiming: Mindburst
Press: ? - help, Shift-Dir - straight line, f/p - ironbound thunderhulk
Aim: an ironbound thunderhulk, wielding a +0 dire flail and wearing a +0 animal skin (chance to affect: 88%)
The ironbound thunderhulk barely resists.
Strange energies crackle from the ironbound thunderhulk's apparatus.
The ironbound thunderhulk blinks!
Aiming: Mindburst
Press: ? - help, Shift-Dir - straight line, f/p - ironbound thunderhulk
Aim: an ironbound thunderhulk, wielding a +0 dire flail and wearing a +0 animal skin (chance to affect: 88%)
The ironbound thunderhulk's mind is blasted!!
Aiming: Mindburst
Press: ? - help, Shift-Dir - straight line, f/p - ironbound thunderhulk
Aim: an ironbound thunderhulk, wielding a +0 dire flail and wearing a +0 animal skin (moderately wounded, chance to affect: 88%)
The ironbound thunderhulk's mind is blasted!!!
Electricity crackles from the ironbound thunderhulk's apparatus.
The bolt of lightning hits you!!!
Aiming: Mindburst
Press: ? - help, Shift-Dir - straight line, f/p - ironbound thunderhulk
Aim: an ironbound thunderhulk, wielding a +0 dire flail and wearing a +0 animal skin (heavily wounded, chance to affect: 88%)
The ironbound thunderhulk's mind is blasted!!
Electricity crackles from the ironbound thunderhulk's apparatus.
The bolt of lightning hits you!!!
You die...

#################+
...?..............
....................
..........@..........
.....................
.....................
.....O...............
.....................
.....................
.....................
######'##########+##
#.......#


You could see an ironbound thunderhulk.

Vanquished Creatures
  Bai Suzhen (Shoals:3)
  A golden dragon (Vaults:4)
  2 deep elf master archers (Elf:3)
  A moon troll (WizLab)
  Polyphemus (Shoals:2)
  An ancient champion (Vaults:2)
  8 tentacled starspawn (WizLab)
  Frances (D:14)
  Gastronok (Lair:2)
  A sphinx (Vaults:3)
  A storm dragon (Vaults:3)
  An emperor scorpion (Spider:4)
  6 deep elf sorcerers (Elf:3)
  Louise (Elf:2)
  6 ghost moths
  7 vault wardens
  Aizul (Shoals:3)
  A cacodemon (WizLab)
  11 ironbound preservers
  3 orc warlords
  2 deep elf elementalists (Elf:3)
  6 stone giants
  20 very ugly things
  2 war gargoyles
  5 ironbound thunderhulks
  8 deep elf demonologists
  5 dire elephants
  6 deep elf annihilators (Elf:3)
  2 spark wasps (Spider:4)
  Azrael (Elf:1)
  4 crystal guardians
  A minotaur (Gauntlet)
  11 merfolk impalers
  6 deep elf death magi
  4 eidola (D:14)
  6 entropy weavers
  4 merfolk javelineers (Shoals:4)
  An ettin (D:14)
  5 deep elf high priests (Elf:3)
  6 great orbs of eyes (Vaults:3)
  7 yaktaur captains
  Erolcha (Orc:2)
  2 peacekeepers
  An ogre mage (D:13)
  4 vault guards
  6 hydras
  3 centaur warriors
  A jorogumo (Spider:2)
  A death knight (D:13)
  2 catoblepae
  2 merfolk avatars (Shoals:4)
  4 merfolk aquamancers (Shoals:4)
  6 two-headed ogres
  9 ironbound frosthearts
  13 dancing weapons
  An alligator snapping turtle (Shoals:4)
  4 boulder beetles
  5 radroaches
  A tengu warrior (D:15)
  Urug (Lair:1)
  3 death yaks (Shoals:2)
  A vampire mage (D:14)
  3 thrashing horrors
  Nergalle (Orc:2)
  2 deep elf knights (Elf:1)
  Amaemon (D:8)
  7 pharaoh ants
  24 deep trolls
  A fire crab (Lair:5)
  A wretched star (WizLab)
  3 skeletal warriors
  11 sea snakes
  10 glowing orange brains (WizLab)
  8 orb spiders
  5 wizards
  An orange crystal statue (WizLab)
  5 deep elf archers (Elf:1)
  2 phantasmal warriors
  5 steelbarb worms
  12 harpies
  20 starcursed masses (WizLab)
  A stone giant zombie (Vaults:2)
  16 lindwurms
  2 orc knights
  18 deep elf pyromancers
  16 deep elf zephyrmancers
  9 ironbound convokers
  12 fauns
  15 ugly things
  5 necromancers
  13 manticores
  9 orc sorcerers
  21 wolf spiders
  4 cyclopes
  7 centaur zombies (D:14)
  13 elephants
  5 moths of wrath
  A black mamba (shapeshifter) (Elf:3)
  8 demonic crawlers
  4 merfolk sirens
  9 vault sentinels
  2 black mambas
  3 water nymphs
  3 smoke demons (Lair:5)
  A moth of wrath (shapeshifter) (D:14)
  An apocalypse crab (Gauntlet)
  A gargoyle (D:12)
  3 torpor snails
  7 eyes of devastation
  A frost giant skeleton (Vaults:2)
  4 freezing wraiths
  8 cane toads
  An orange demon (D:8)
  9 centaur skeletons (D:14)
  3 efreet
  An unseen horror (D:11)
  7 rime drakes
  A kobold demonologist (D:9)
  2 ancient zymes (Lair:5)
  20 yaktaurs
  9 komodo dragons
  A tengu conjurer (D:15)
  A human skeleton (Vaults:2)
  6 meliai
  8 polar bears
  10 trolls
  17 merfolk
  3 wind drakes
  27 tarantellas
  22 blink frogs
  8 large abominations
  13 snapping turtles
  A sphinx simulacrum (Vaults:2)
  11 dream sheep
  18 culicivoras
  4 flying skulls (D:14)
  12 small abominations
  A culicivora (shapeshifter) (Lair:5)
  28 jumping spiders
  68 yaks
  6 water elementals
  2 air elementals (Elf:3)
  4 wyverns
  28 slime creatures
  5 shadows
  A yak (shapeshifter) (D:15)
  3 wraiths
  A ynoxinul (Lair:5)
  A spriggan (shapeshifter) (D:15)
  2 vampires
  3 basilisks
  6 fire elementals
  Grum (D:11)
  3 vampire mosquitoes (D:15)
  3 chaos spawn (Lair:5)
  2 neqoxecs (WizLab)
  2 wargs (Orc:2)
  59 redbacks
  2 acid dragons
  12 water moccasins
  3 hell hounds (Elf:1)
  19 orc warriors
  A black bear (shapeshifter) (D:13)
  A black bear (D:5)
  A sky beast (D:6)
  14 wolves
  5 boggarts (Vaults:3)
  5 centaurs
  10 ogres
  2 phantoms (D:4)
  3 kobold brigands
  A necrophage (D:5)
  11 bullfrogs
  5 scorpions
  5 earth elementals
  10 wights
  5 killer bees
  3 howler monkeys (D:11)
  5 electric eels (D:13)
  5 hounds
  A jelly (D:5)
  8 orc priests
  A boggart zombie (D:14)
  31 orc wizards
  Ijyb (D:5)
  4 iguanas
  7 hell rats
  A boggart skeleton (D:14)
  15 gnolls
  6 adders
  2 shadow imps
  15 white imps
  2 ufetubi
  2 worms (D:2)
  A dart slug (D:5)
  66 orcs
  3 bats
  3 endoplasms (D:1)
  2 giant cockroaches
  7 goblins
  7 hobgoblins
  25 kobolds
  5 quokkas
  4 ball pythons
  A frilled lizard (D:1)
  2 rats
  16 starspawn tentacles (WizLab)
1393 creatures vanquished.

Vanquished Creatures (collateral kills)
  An ancient lich (Vaults:1)
  Jory (Vaults:4)
  A deep elf blademaster (Elf:3)
  Asterion (Vaults:2)
  A revenant (Vaults:2)
  A vault warden (Vaults:3)
  2 ironbound preservers
  A stone giant (Vaults:3)
  An entropy weaver (Spider:4)
  An alligator snapping turtle (Shoals:4)
  A sea snake (Shoals:3)
  An orb spider (Spider:4)
  An ironbound convoker (Vaults:3)
  A yaktaur (Vaults:3)
  3 merfolk (Shoals:3)
  2 wind drakes
  A blink frog (Lair:5)
  3 tarantellas
  A slime creature (Vaults:3)
  2 dream sheep (Lair:5)
  A culicivora (Spider:4)
  2 redbacks
30 creatures vanquished.

Vanquished Creatures (others)
  2 deep elf sorcerers (Elf:3)
  A deep elf elementalist (Elf:3)
  2 deep elf annihilators (Elf:3)
  A deep elf high priest (Elf:3)
  2 deep elf knights (Elf:1)
  2 deep elf zephyrmancers
  A deep elf pyromancer (Orc:2)
  A yak (Lair:1)
  An orc (Orc:2)
  4 demonic plants (WizLab)
  33 fungi
  85 plants
  22 starspawn tentacles (WizLab)
  3 withered plants (Gauntlet)
160 creatures vanquished.

Grand Total: 1583 creatures vanquished

Notes
Turn   | Place    | Note
-------+----------+-------------------------------------------
     0 | D:1      | freelancePsychic the Djinni Berserker began the quest for
                  | the Orb.
     0 | D:1      | Reached XP level 1. HP: 20/20 MP: 0/0
   258 | D:1      | Reached XP level 2. HP: 25/25 MP: 0/0
   336 | D:1      | Found a faded altar of an unknown god.
   514 | D:1      | Reached XP level 3. HP: 30/30 MP: 0/0
   514 | D:1      | Learned a level 1 spell: Beastly Appendage
   993 | D:1      | Reached skill level 4 in Unarmed Combat
  1126 | D:2      | Reached XP level 4. HP: 26/35 MP: 0/0
  1356 | D:2      | Reached ** piety under Trog
  1388 | D:2      | Found a shimmering altar of Xom.
  1698 | D:3      | Found a sacrificial altar of Ru.
  1750 | D:3      | Reached XP level 5. HP: 38/41 MP: 0/0
  1750 | D:3      | Learned a level 2 spell: Momentum Strike
  1774 | D:3      | Found a snail-covered altar of Cheibriados.
  2060 | D:3      | Found a glowing golden altar of the Shining One.
  2295 | D:4      | Noticed a phantom
  2298 | D:4      | Noticed a phantom
  2309 | D:4      | Killed a phantom
  2310 | D:4      | Reached skill level 5 in Unarmed Combat
  2310 | D:4      | Reached XP level 6. HP: 42/47 MP: 0/0
  2437 | D:4      | Found a sparkling altar of Nemelex Xobeh.
  2873 | D:4      | Reached skill level 6 in Unarmed Combat
  3017 | D:5      | Entered Level 5 of the Dungeon
  3063 | D:5      | Reached XP level 7. HP: 53/53 MP: 0/0
  3063 | D:5      | Learned a level 3 spell: Ozocubu's Armour
  3075 | D:5      | Identified the +1 ring mail of the Narrow God {Int+4}
  3107 | D:4      | Reached skill level 1 in Stealth
  3210 | D:5      | Reached skill level 5 in Fighting
  3288 | D:5      | Found a staircase to the Ecumenical Temple.
  3575 | D:5      | Reached skill level 7 in Unarmed Combat
  3625 | D:5      | Reached XP level 8. HP: 51/59 MP: 0/0
  4124 | D:5      | Noticed Ijyb
  4131 | D:5      | Killed Ijyb
  4392 | D:6      | Found Poymuom's Antique Weapon Shop.
  4401 | D:6      | Bought a scorched short sword for 224 gold pieces
  4401 | D:6      | Identified the +4 short sword of the Scorching Fool {flame,
                  | Dex+3 Stlth+} (You bought it in a shop on level 6 of the
                  | Dungeon)
  4429 | D:6      | Reached skill level 8 in Unarmed Combat
  4439 | D:6      | Found a hazy altar of Hepliaklqana.
  4799 | D:6      | Reached XP level 9. HP: 59/66 MP: 0/0
  4799 | D:6      | Learned a level 3 spell: Stone Arrow
  5193 | D:6      | Reached skill level 9 in Unarmed Combat
  6475 | D:8      | Reached skill level 10 in Unarmed Combat
  6693 | D:8      | Noticed a troll
  6702 | D:8      | Reached skill level 5 in Stealth
  7073 | D:8      | Reached skill level 1 in Shields
  7073 | D:8      | Reached XP level 10. HP: 60/75 MP: 0/0
  7523 | D:8      | Noticed an orange demon
  7540 | D:8      | Killed an orange demon
  7554 | D:8      | Noticed Amaemon
  7776 | D:8      | Found a staircase to the Lair.
  7896 | D:9      | Reached skill level 11 in Unarmed Combat
  8010 | D:9      | Noticed a two-headed ogre
  8024 | D:9      | Killed a two-headed ogre
  8134 | D:9      | Noticed a kobold demonologist
  8148 | D:9      | Killed a kobold demonologist
  8161 | D:9      | Reached XP level 11. HP: 63/82 MP: 0/0
  8161 | D:9      | Learned a level 4 spell: Summon Ice Beast
  8214 | D:9      | Reached skill level 1 in Evocations
  8316 | D:9      | Reached *** piety under Trog
  8655 | D:9      | Reached skill level 12 in Unarmed Combat
  9022 | D:10     | Entered Level 10 of the Dungeon
  9181 | D:10     | Found a basalt altar of Yredelemnul.
  9578 | D:10     | Reached skill level 10 in Fighting
  9592 | D:10     | Reached skill level 5 in Evocations
 10138 | D:11     | Noticed Grum
 10267 | D:11     | Killed Grum
 10331 | D:11     | Noticed a two-headed ogre
 10349 | D:11     | Killed a two-headed ogre
 10524 | D:11     | You are sucked into a shaft and drop 2 floors!
 10625 | D:11     | Noticed a purple ugly thing
 10645 | D:11     | Killed a purple ugly thing
 10646 | D:11     | Reached XP level 12. HP: 92/92 MP: 0/0
 10789 | D:11     | Identified the +6 spear "Cuhonufa" {freeze, rElec SInv}
 11147 | D:8      | Killed Amaemon
 11224 | D:8      | Found a glowing silver altar of Zin.
 11243 | Lair:1   | Entered Level 1 of the Lair of Beasts
 11280 | Lair:1   | Reached skill level 5 in Dodging
 11477 | Lair:1   | Noticed Urug
 11502 | Lair:2   | Noticed Gastronok
 11514 | Lair:1   | Reached skill level 13 in Unarmed Combat
 11791 | Lair:1   | Identified the +5 war axe of Makhleb, Transmuting {flame,
                  | rElec rN+ Will-}
 11992 | Lair:2   | Reached **** piety under Trog
 12219 | Lair:2   | Found a hole to the Spider Nest.
 13003 | Lair:3   | Reached XP level 13. HP: 100/100 MP: 0/0
 13003 | Lair:3   | Learned a level 5 spell: Irradiate
 13078 | Lair:3   | Noticed a four-headed hydra
 13516 | Lair:3   | Reached skill level 14 in Unarmed Combat
 13710 | Lair:3   | Found a staircase to the Shoals.
 13991 | Lair:4   | Found a hide-covered altar of Uskayaw.
 14236 | Lair:4   | Noticed a catoblepas
 14259 | Lair:4   | Killed a catoblepas
 15463 | Lair:1   | Killed Urug
 15538 | Lair:2   | Killed Gastronok
 15616 | Lair:5   | Entered Level 5 of the Lair of Beasts
 15640 | Lair:4   | Reached XP level 14. HP: 110/110 MP: 0/0
 16031 | Lair:5   | Reached skill level 15 in Unarmed Combat
 16435 | Lair:5   | Reached skill level 5 in Armour
 16953 | Lair:5   | Reached ***** piety under Trog
 17025 | Lair:5   | Found a viscous altar of Jiyva.
 17025 | Lair:5   | Found a staircase to the Slime Pits.
 17430 | Lair:5   | Reached XP level 15. HP: 48/117 MP: 0/0
 17430 | Lair:5   | Learned a level 6 spell: Simulacrum
 17529 | Lair:5   | Found a corrupted altar of Lugonu.
 17529 | Lair:5   | Found a one-way gate to the infinite horrors of the Abyss.
 17953 | D:12     | Found a staircase to the Orcish Mines.
 18446 | D:12     | Received a gift from Trog
 19546 | D:13     | Reached skill level 16 in Unarmed Combat
 20307 | D:14     | Noticed Frances
 20443 | D:14     | Reached skill level 15 in Fighting
 20545 | D:14     | Received a gift from Trog
 20558 | D:14     | Killed Frances
 21240 | D:14     | Reached XP level 16. HP: 99/125 MP: 0/0
 21648 | D:14     | Found a gate to the Vaults.
 21689 | D:15     | Entered Level 15 of the Dungeon
 21691 | D:15     | Found a staircase to the Depths.
 22161 | D:15     | Found an ornate altar of the Wu Jian Council.
 22246 | D:15     | Identified the +8 chain mail of Jaurih {rPois rN+ Regen+}
 22294 | D:15     | Identified the +5 ring mail of the Morning Star {Drain
                  | rElec rC+ rN+++}
 22718 | Orc:1    | Entered Level 1 of the Orcish Mines
 22779 | Orc:1    | You are sucked into a shaft and drop 1 floor!
 22779 | Orc:2    | Entered Level 2 of the Orcish Mines
 22795 | Orc:2    | Received a gift from Trog
 23078 | Orc:2    | Found a gate leading to a gauntlet.
 23100 | Gauntlet | Entered a Gauntlet
 23100 | Gauntlet | Found a transporter.
 23100 | Gauntlet | Found a transporter.
 23100 | Gauntlet | Found a transporter.
 23120 | Gauntlet | Found a transporter.
 23130 | Gauntlet | Found a transporter.
 23134 | Gauntlet | Found a transporter.
 23144 | Gauntlet | Found a transporter.
 23165 | Gauntlet | Found a transporter.
 23182 | Gauntlet | Found a transporter.
 23186 | Gauntlet | Found a transporter.
 23188 | Gauntlet | Found a runed translucent gate.
 23188 | Gauntlet | Found a runed translucent gate.
 23188 | Gauntlet | Found a runed translucent gate.
 23189 | Gauntlet | Found a large runed translucent door.
 23189 | Gauntlet | Found a large runed translucent door.
 23190 | Gauntlet | Found a large runed translucent door.
 23191 | Gauntlet | Found a large runed translucent door.
 23192 | Gauntlet | Found a large runed translucent door.
 23192 | Gauntlet | Found a large runed translucent door.
 23192 | Gauntlet | Found a runed translucent door.
 23192 | Gauntlet | Found a runed translucent door.
 23193 | Gauntlet | Found a large runed translucent door.
 23194 | Gauntlet | Found a large runed translucent door.
 23196 | Gauntlet | Found a transporter.
 23200 | Gauntlet | Found a transporter.
 23236 | Gauntlet | Found a large runed translucent door.
 23237 | Gauntlet | Found a large runed translucent door.
 23238 | Gauntlet | Found a large runed translucent door.
 23238 | Gauntlet | Found a large runed translucent door.
 23239 | Gauntlet | Found a large runed translucent door.
 23240 | Gauntlet | Found a large runed translucent door.
 23241 | Gauntlet | Found a large runed translucent door.
 23241 | Gauntlet | Found a large runed translucent door.
 23330 | Gauntlet | Identified a scroll of acquirement
 23338 | Gauntlet | Reached skill level 10 in Evocations
 23383 | Gauntlet | Identified the ring "Rerioffi" {Contam Will+ rCorr Str+9
                  | Dex+2}
 23414 | Gauntlet | Reached skill level 17 in Unarmed Combat
 23419 | Gauntlet | Identified the +0 cloak "Ampu" {Int+3}
 23487 | Gauntlet | Acquired a manual of Unarmed Combat
 23548 | Orc:2    | Found Masoxag's Magic Scroll Boutique.
 23641 | Orc:2    | Bought a scroll of blinking for 97 gold pieces
 23641 | Orc:2    | Bought a scroll of poison for 52 gold pieces
 23678 | Orc:2    | Found a staircase to the Elven Halls.
 23836 | Orc:2    | Found Amotu's Jewellery Emporium.
 23873 | Orc:2    | Noticed Erolcha
 23879 | Orc:2    | Killed Erolcha
 23887 | Orc:2    | Found Jotux's Magic Scroll Shoppe.
 23922 | Orc:2    | Noticed Nergalle
 23927 | Orc:2    | Reached ****** piety under Trog
 23939 | Orc:2    | Killed Nergalle
 23953 | Orc:2    | Bought a scroll of enchant armour for 120 gold pieces
 23978 | Orc:2    | Found Bakhulei's Magic Scroll Emporium.
 23985 | Orc:2    | Bought a scroll of enchant armour for 75 gold pieces
 23985 | Orc:2    | Bought a scroll of identify for 20 gold pieces
 23985 | Orc:2    | Bought a scroll of identify for 20 gold pieces
 23985 | Orc:2    | Bought a scroll of identify for 20 gold pieces
 23985 | Orc:2    | Bought a scroll of magic mapping for 75 gold pieces
 24042 | Orc:2    | Found Jueg's Antique Armour Shoppe.
 24325 | Spider:1 | Entered Level 1 of the Spider Nest
 24345 | Spider:1 | Identified the +0 buckler of Loroko {rElec Dex-4 Slay+2}
 24664 | Spider:1 | Received a gift from Trog
 24695 | Spider:1 | Reached skill level 18 in Unarmed Combat
 24745 | Spider:1 | Reached XP level 17. HP: 105/134 MP: 0/0
 24745 | Spider:1 | Learned a level 6 spell: Death Channel
 25466 | Spider:2 | Identified the +4 robe "Xampeuj" {Dex+6}
 25667 | Spider:2 | Received a gift from Trog
 25921 | Spider:2 | Reached skill level 10 in Armour
 26413 | Spider:3 | Reached skill level 19 in Unarmed Combat
 26755 | Spider:4 | Entered Level 4 of the Spider Nest
 27484 | Spider:4 | Received a gift from Trog
 27504 | Spider:4 | Identified the +8 morningstar "Dymmyas" {heavy, rCorr
                  | Dex+2}
 27722 | Spider:4 | Reached XP level 18. HP: 140/143 MP: 0/0
 28129 | Spider:4 | Reached skill level 20 in Unarmed Combat
 28518 | Spider:4 | Got a gossamer rune of Zot
 28761 | Shoals:1 | Entered Level 1 of the Shoals
 28858 | Shoals:1 | Received a gift from Trog
 29423 | Shoals:1 | Identified the +4 robe of the Learner {Int+2}
 29693 | Shoals:2 | Noticed Polyphemus
 29710 | Shoals:2 | Killed Polyphemus
 29783 | Shoals:2 | Reached skill level 5 in Shields
 29844 | Shoals:2 | Acquired a manual of Evocations
 29846 | Shoals:2 | Acquired 610 gold pieces
 29848 | Shoals:2 | Acquired 460 gold pieces
 30322 | Shoals:3 | Noticed Aizul
 30336 | Shoals:3 | Killed Aizul
 30393 | Shoals:3 | Found a runed translucent gate.
 30393 | Shoals:3 | Found a runed translucent gate.
 30393 | Shoals:3 | Found a runed translucent gate.
 30454 | Shoals:3 | Reached skill level 21 in Unarmed Combat
 30629 | Shoals:3 | Noticed Bai Suzhen
 30643 | Shoals:3 | Killed Bai Suzhen
 30645 | Shoals:3 | Reached XP level 19. HP: 114/150 MP: 0/0
 30645 | Shoals:3 | Learned a level 7 spell: Malign Gateway
 30839 | Shoals:3 | Noticed Roluilex's ghost (adept DgIE)
 30974 | Shoals:4 | Entered Level 4 of the Shoals
 31030 | Shoals:4 | Identified the +6 hand axe of the Extremely Mad {freeze,
                  | rN+}
 31090 | Shoals:4 | Received a gift from Trog
 31127 | Shoals:4 | Identified the +0 leather armour "Orapoyxu" {Str+4}
 31636 | Shoals:4 | Got a barnacled rune of Zot
 32072 | Shoals:4 | Found the amulet of Vitality {RegenMP++ Regen++}
 32431 | Elf:1    | Entered Level 1 of the Elven Halls
 32593 | Elf:1    | Identified the +2 quarterstaff "Beastslayer" {heavy,
                  | Stlth+} (Trog gifted it to you on level 1 of the Elven
                  | Halls)
 32593 | Elf:1    | Received a gift from Trog
 32615 | Elf:1    | Noticed Azrael
 32630 | Elf:1    | Killed Azrael
 32890 | Elf:1    | HP: 3/135 [deep elf zephyrmancer/bolt of lightning (16)]
 33012 | Elf:1    | Received a gift from Trog
 33453 | Elf:2    | Noticed Louise
 33477 | Elf:2    | Killed Louise
 33645 | Elf:2    | Found Noqin's Book Shoppe.
 33648 | Elf:2    | Found Fefokhy's Jewellery Shop.
 33649 | Elf:2    | Found Jocoed's Book Shoppe.
 33661 | Elf:2    | Bought a ring of protection from cold for 275 gold pieces
 33764 | Elf:2    | Reached skill level 15 in Evocations
 33808 | Elf:2    | Found a runed translucent door.
 33828 | Elf:2    | Reached XP level 20. HP: 157/160 MP: 0/0
 33836 | Elf:2    | Found a runed translucent door.
 33899 | Elf:2    | Found a runed translucent door.
 34154 | Elf:3    | Entered Level 3 of the Elven Halls
 34489 | Elf:3    | Reached skill level 10 in Shields
 34663 | Elf:3    | Identified the +9 hand axe "Jelout" {elec, rElec rF+ Str+5
                  | Dex-5}
 34673 | Elf:3    | Received a gift from Trog
 34745 | Elf:3    | Identified the amulet "Ycoxastra" {Spirit Fragile rCorr
                  | Int+7}
 35060 | Elf:3    | Paralysed by an air elemental for 1 turns
 35461 | Vaults:1 | Entered Level 1 of the Vaults
 35687 | Vaults:1 | Found Loproikk's Book Shoppe.
 35693 | Vaults:1 | Noticed an ancient lich
 35704 | Vaults:1 | Killed an ancient lich
 35749 | Vaults:1 | Found Neuban's Distillery.
 35757 | Vaults:1 | Bought 2 potions of might for 168 gold pieces
 35757 | Vaults:1 | Bought a potion of haste for 210 gold pieces
 35757 | Vaults:1 | Bought a potion of resistance for 210 gold pieces
 35757 | Vaults:1 | Bought 2 potions of heal wounds for 210 gold pieces
 35757 | Vaults:1 | Bought a potion of curing for 63 gold pieces
 35763 | Vaults:1 | Found Nuidasch's Weapon Shoppe.
 36026 | Vaults:1 | Received a gift from Trog
 36146 | Vaults:1 | Reached XP level 21. HP: 159/168 MP: 0/0
 36146 | Vaults:1 | Learned a level 7 spell: Monstrous Menagerie
 36253 | Vaults:1 | Identified the +2 hand axe "Toutam" {spect, Int+2}
 36944 | Vaults:2 | Found a magical portal.
 36953 | WizLab   | Entered Lehudib's Moon Base
 37192 | WizLab   | Reached skill level 15 in Shields
 37192 | WizLab   | Reached XP level 22. HP: 175/175 MP: 0/0
 37312 | WizLab   | Gained mutation: You are somewhat resistant to further
                  | mutation. [a neqoxec]
 37330 | WizLab   | Identified the amulet of Modesty {Acrobat rPois Stlth+}
 37443 | WizLab   | Found a transporter.
 37508 | WizLab   | Found a transporter.
 37509 | WizLab   | Found the brooch of Shielding {Spirit SH+8}
 37520 | WizLab   | Paralysed by accursed screaming for 1 turns
 37557 | WizLab   | Identified the +4 falchion "Death Rattle" {heavy, rElec
                  | Will+ Str+7 Dex-3} (Trog gifted it to you in a wizard's
                  | laboratory)
 37557 | WizLab   | Received a gift from Trog
 37940 | WizLab   | Paralysed by accursed screaming for 2 turns
 38157 | WizLab   | Identified the ring "Lorawnu" {rElec rPois Str+2 Int+6
                  | Dex-3}
 38806 | Vaults:2 | Acquired the amulet "Kuxedop" {rF+ rC+ Regen+}
 38876 | Vaults:2 | Identified the +6 kite shield of the Kangaroo {rF+ Regen+
                  | Int+2}
 38877 | Vaults:2 | Noticed Asterion
 38884 | Vaults:2 | Killed Asterion
 38886 | Vaults:2 | Received a gift from Trog
 39061 | Vaults:2 | Reached XP level 23. HP: 130/180 MP: 0/0
 39061 | Vaults:2 | Learned a level 7 spell: Summon Hydra
 39277 | Vaults:2 | Reached skill level 15 in Armour
 39422 | Vaults:2 | Found a staircase to the Crypt.
 39985 | Vaults:3 | Received a gift from Trog
 40841 | Vaults:4 | Noticed Jory
 40863 | Vaults:4 | Killed Jory
 40910 | Vaults:4 | Noticed a golden dragon
 40920 | Vaults:4 | Killed a golden dragon
 40921 | Vaults:4 | Reached skill level 10 in Dodging
 41028 | Vaults:4 | Killed from afar by an ironbound thunderhulk

Illustrated notes

Levels and vault maps discovered:
D:1:      sevenhm_arrival_forest_fort_small_4, layout_basic,
          shapermc_ecumenical_altar_acropolis
D:2:      layout_rooms, basic_altar
D:3:      layout_rooms, mainiacjoe_overflow_boulevard, lemuel_crystal_altar,
          mainiacjoe_overflow_24_doors
D:4:      layout_rooms, nemelex_spade_bored_becter, nrook_campfire, minivault_5,
          minmay_checkerbox
D:5:      layout_loops_ring, minmay_temple_entry_crystal_x, uniq_ijyb
D:6:      layout_cave_pools, nicolae_hepliaklqana_hazy_memory, serial_shops,
          nicolae_shop_overgrown_old_shop, st_stairs_4, kennysheep_boxes
D:7:      layout_loops_cross
D:8:      layout_loops_ring, general_overflow_altar, zin_statuary,
          lair_entry_dummy, uniq_amaemon
D:9:      layout_basic, kennysheep_generic_room_8
D:10:     layout_basic, lemuel_tele_altar
D:11:     layout_rooms, uniq_grum
D:12:     layout_gridville, orc_david_3, portal_ice_cave_entry_imps
D:13:     layout_basic, serial_bayou, serial_bayou_pond_c,
          serial_bayou_crossing, serial_bayou_pond_e, serial_bayou_pond_e,
          serial_bayou_lake_a
D:14:     hangedman_screamer, layout_loops_cross, david_vaults_4
D:15:     grunt_enter_depths_giant_problem, layout_loops_ring,
          nicolae_wu_jian_immortal_techniques
Lair:1:   layout_chaotic_city, grunt_megastairs_5, uniq_urug
Lair:2:   layout_cellular_growth, nicolae_spider_entry_tight_spaces,
          infiniplex_staircase_pool_2, grunt_megastairs_4, uniq_gastronok
Lair:3:   layout_chaotic_city, nicolae_shoals_entry_flooding,
          cheibrodos_lair_lostbears
Lair:4:   layout_regular_city, basic_altar, grunt_megastairs_2
Lair:5:   hellmonk_lair_end_abyssal_woods, layout_regular_city,
          minmay_slime_entry_eyes, minivault_23
Shoals:1: layout_shoals, yaktaur_hedge
Shoals:2: layout_shoals, uniq_polyphemus
Shoals:3: layout_shoals, gammafunk_ghost_necromancy, uniq_bai_suzhen, uniq_aizul
Shoals:4: shoals_end_simple, layout_shoals
Spider:1: layout_cave_pods, drop_trap
Spider:2: layout_spider_delve
Spider:3: layout_spider_delve
Spider:4: grunt_spider_rune_parallel, spiders_nest_ghost_moth_duel
Orc:1:    layout_caves, serial_shops, nicolae_shop_bloodbath_and_beyond,
          minmay_shop_enchanted_jewellery, uniq_jorgrun
Orc:2:    kennysheep_orc_mage_school, layout_diamond_mine, serial_shops, shop,
          gauntlet_entry_generic
Elf:1:    minmay_elf_arrival_plus, layout_geoelf_octagon, minmay_elf_necromancy,
          uniq_frances, uniq_azrael
Elf:2:    nicolae_elf_blades_splatter_lattice
          [nicolae_blade_entry_splitting_headache], layout_rooms,
          nicolae_danse_macabre, minmay_shop_grove, uniq_louise
Elf:3:    minmay_elf_hall_four_x, layout_loops_corners, basic_altar,
          dreamdust_deal_with_the_devil
Vaults:1: vaults_dpeg_spiral, nicolae_vaults_triangles,
          hangedman_vaults_hard_town_square,
          vaults_standard_mumra_enter_the_diamond, nicolae_vaults_asterisk,
          vaults_dpeg_emergency_exit, ontoclasm_vaults_decontamination,
          layout_vaults_chaotic_city
Vaults:2: mu_enter_wizlab_3, minmay_crypt_entry_simple_sparse,
          ontoclasm_vaults_shuriken, nicolae_vaults_network_periphery,
          vaults_room_grid, v_misc_29, v_rooms_2, nicolae_vaults_three_branches,
          nicolae_vaults_alarming, nicolae_vaults_little_squares_6,
          v_alt_pattern_6, layout_vaults_quadrants, uniq_asterion
Vaults:3: vaults_mumra_minichess_inversion, v_misc_8,
          nicolae_vaults_little_squares_4, vaults_room_ringed_pool,
          nicolae_vaults_diagonal_hallway_6, v_pattern_2, v_misc_29, v_misc_17,
          dpeg_vaults_hating_casters, nicolae_vaults_what_the_h,
          ontoclasm_vaults_hangar, nicolae_vaults_border_crossing,
          dpeg_vaults_monster_box, layout_vaults_maze_snakey
Vaults:4: grunt_vaults_trifunnel, vaults_dpeg_doors,
          nicolae_vaults_little_squares_3, v_alt_pattern_3,
          hangedman_vaults_stitches, v_misc_29, vaults_room_hallway,
          nicolae_vaults_murderbox, ontoclasm_vaults_chip,
          layout_vaults_omnicross, uniq_jory

Skill      XL: |  1  2  3  4  5  6  7  8  9 10 11 12 13 14 15 16 17 18 19 20 21 22 23 |
---------------+----------------------------------------------------------------------+-----
Unarmed Combat | 4 5 6 7 8 10 11 12 13 14 15 16 18 19 21 | 21.7
Fighting       | 4 5 6 7 8 10 11 13 14 15 16 17 18 19 20 | 20.0
Stealth        | 2 3 5 |  5.0
Shields        | 1 4 5 8 13 15 16 | 16.9
Evocations     | 5 7 9 10 12 15 16 | 16.6
Dodging        | 4 7 9 10 | 10.1
Armour         | 3 6 7 9 11 14 18 | 18.1

Action                     |  1- 3 |  4- 6 |  7- 9 | 10-12 | 13-15 | 16-18 | 19-21 | 22-24 || total
---------------------------+-------+-------+-------+-------+-------+-------+-------+-------++-------
  Melee: Unarmed           |   107 |   156 |   338 |   576 |  1305 |  1578 |  1073 |   824 ||  5957
         Punch             |     4 |     5 |    18 |       |       |       |       |       ||    27
         Short sword       |       |       |     2 |       |       |       |       |       ||     2
  Throw: Throwing net      |       |       |     3 |     4 |       |       |       |       ||     7
         Dart              |       |       |       |     6 |     2 |    21 |     6 |       ||    35
         Boomerang         |       |       |       |     1 |     6 |       |     1 |       ||     8
 Invoke: Berserk           |     2 |     1 |    10 |    15 |    15 |     7 |     6 |       ||    56
         Trog's Hand       |       |       |     1 |     2 |     5 |     3 |     7 |     2 ||    20
  Evoke: Wand              |       |       |       |    10 |    39 |     8 |    11 |     7 ||    75
         Phantom mirror    |       |       |       |     1 |     2 |     1 |       |     1 ||     5
         Phial of floods   |       |       |       |       |     2 |     1 |     1 |     1 ||     5
         Box of beasts     |       |       |       |       |     3 |     3 |     3 |     3 ||    12
         Tin of tremorston |       |       |       |       |       |     8 |     7 |     8 ||    23
    Use: Scroll            |       |     5 |     8 |     9 |    11 |    22 |     7 |    10 ||    72
         Potion            |       |       |     1 |     1 |     3 |     6 |    11 |     1 ||    23
   Stab: Sleeping          |       |       |     6 |     8 |     8 |       |       |       ||    22
         Distracted        |       |       |     1 |     1 |     2 |     1 |     2 |     1 ||     8
         Paralysed         |       |       |       |    10 |       |       |       |       ||    10
         Invisible         |       |       |       |     1 |    10 |       |     5 |       ||    16
         Held in net/web   |       |       |       |     1 |       |       |       |       ||     1
 Armour: Ring mail         |    39 |    41 |       |       |    23 |    30 |       |       ||   133
         Leather armour    |       |     3 |    96 |    11 |       |       |       |       ||   110
         Troll leather arm |       |       |       |   110 |   158 |       |       |       ||   268
         Chain mail        |       |       |       |       |       |   595 |   376 |   274 ||  1245
  Dodge: Dodged            |    62 |    80 |   175 |   343 |   869 |   934 |   387 |   258 ||  3108
  Block: Buckler           |       |       |     6 |   146 |   575 |   939 |   225 |       ||  1891
         Reflection        |       |       |       |       |    12 |    20 |     3 |       ||    35
         Kite shield       |       |       |       |       |       |       |   189 |   476 ||   665

Table legend: (Time is in decaauts)
 A = Elapsed time spent in this place.
 B = Non-inter-level travel time spent in this place.
 C = Inter-level travel time spent in this place.
 D = Time resting spent in this place.
 E = Time spent auto-exploring this place.
 F = Levels seen in this place.
 G = Mean time per level.
                   A        B        C        D        E       F      G
               +--------+--------+--------+--------+--------+-----+--------+
         Total |  40017 |  37298 |   2719 |   3351 |  24202 |  39 | 1026.1 |
       Dungeon |  16354 |  15066 |   1288 |   2000 |   9802 |  15 | 1090.3 |
          Lair |   6851 |   6234 |    617 |    433 |   4031 |   5 | 1370.2 |
        Shoals |   3246 |   3068 |    178 |    186 |   2129 |   4 |  811.5 |
   Spider Nest |   4191 |   3995 |    196 |    488 |   2318 |   4 | 1047.8 |
  Orcish Mines |   1113 |   1028 |     85 |     30 |    548 |   2 |  556.5 |
   Elven Halls |   2641 |   2477 |    164 |      0 |   1823 |   3 |  880.3 |
        Vaults |   4045 |   3856 |    189 |     98 |   2712 |   4 | 1011.2 |
        Wizlab |   1165 |   1165 |      0 |     25 |    679 |   1 | 1165.0 |
      Gauntlet |    408 |    408 |      0 |     88 |    159 |   1 |  408.0 |
               +--------+--------+--------+--------+--------+-----+--------+

Top non-repeatable levels by time:
  Lair:5: 2029 daAuts
    D:14: 1733 daAuts
Spider:4: 1730 daAuts
Vaults:2: 1586 daAuts
     D:8: 1384 daAuts
  Lair:3: 1344 daAuts
  Lair:2: 1334 daAuts
    D:12: 1302 daAuts
    D:10: 1297 daAuts
     D:5: 1273 daAuts
     D:9: 1244 daAuts
Vaults:1: 1231 daAuts
     D:7: 1193 daAuts
     D:6: 1189 daAuts
  WizLab: 1165 daAuts
